 Dungeon Crawl Stone Soup version 0.21.1-1-g345015f (webtiles) character file.

156 chorionicmirror the Chopper (level 5, -1/39 HPs)
             Began as a Demonspawn Gladiator on June 9, 2018.
             Was a Follower of Wu Jian.
             Slain by Grinder (2 damage)
             ... on level 3 of the Dungeon.
             The game lasted 00:19:10 (3123 turns).

chorionicmirror the Chopper (Demonspawn Gladiator)  Turns: 3123, Time: 00:19:11

Health: -1/39      AC:  6    Str: 15      XL:     5   Next: 15%
Magic:  0/5        EV: 13    Int:  9      God:    Wu Jian [*.....]
Gold:   171        SH:  0    Dex: 14 (15) Spells: 2/4 levels left

rFire    . . .     SeeInvis .   a - +1 war axe
rCold    . . .     Gourm    .   (no shield)
rNeg     . . .     Faith    .   b - +0 leather armour
rPois    .         Spirit   +   c - +0 helmet
rElec    .         Reflect  .   (no cloak)
rCorr    .         Harm     .   h - +0 pair of gloves {archery}
MR       .....                  e - +0 pair of boots
Stlth    +.........             (no amulet)
HPRegen  0.13/turn              (no ring)
MPRegen  0.09/turn              (no ring)

@: no status effects
A: magic shield
a: Renounce Religion


You were on level 3 of the Dungeon.
You worshipped Wu Jian.
Wu Jian was aware of your devotion.
You were not hungry.

You visited 1 branch of the dungeon, and saw 3 of its levels.

You collected 171 gold pieces.

Inventory:

Hand Weapons
 a - a +1 war axe (weapon)
 l - a +0 vampiric whip
 n - a cursed -1 dagger
Missiles
 d - 4 throwing nets
 q - 4 silver tomahawks (quivered)
Armour
 b - a +0 leather armour (worn)
 c - a +0 helmet (worn)
 e - a +0 pair of boots (worn)
 h - a +0 pair of gloves of archery (worn)
Scrolls
 g - 2 scrolls of remove curse
 k - a scroll of enchant weapon
 m - a scroll of teleportation
Potions
 o - a potion of flight
 s - a potion of brilliance
Books
 p - a book of Minor Magic

   Spells                             Type                      Level
   a - Magic Dart                     Conjuration                  1
   b - Blink                          Translocation                2
   c - Call Imp                       Summoning                    2
   d - Slow                           Hexes                        2
   e - Conjure Flame                  Conjuration/Fire             3
   f - Mephitic Cloud                 Conjuration/Poison/Air       3
Comestibles
 f - 3 rations
 j - 2 chunks of flesh


   Skills:
 * Level 2.6 Fighting
 * Level 4.2 Axes
 - Level 1.8 Throwing
 * Level 1.1 Armour
 - Level 3.3 Dodging
 + Level 0.4 Stealth


You had 2 spell levels left.
You knew the following spells:

 Your Spells              Type           Power        Failure   Level  Hunger
a - Blink                 Tloc           N/A          58%         2    ###....


Dungeon Overview and Level Annotations

Branches:
Dungeon (3/15)

Altars:
Gozag
Nemelex Xobeh
Wu Jian

Annotations:
D:3 Grinder


Innate Abilities, Weirdness & Mutations

When hurt, damage is shared between your health and your magic reserves.


Message History

* * * LOW HITPOINT WARNING * * *
You slash Grinder!
Grinder is almost dead.
Grinder hits you.
* * * LOW HITPOINT WARNING * * *
You writhe in agony.
* * * LOW HITPOINT WARNING * * *
Casting: Blink
Confirm with . or Enter, or press ? or * to list all spells.
You don't know that spell.
Okay, then.
Unknown command.
Casting: Blink
Confirm with . or Enter, or press ? or * to list all spells.
You don't have enough magic to cast that spell.
You closely miss Grinder.
Grinder is almost dead.
Grinder says, "Just stop there for a second..."
Grinder hits you.
You die...

#........#
########..####.#
.............>.#
#########.###..# #...#
#..##..# ###+##### #...#
#..##..###........
##...####..##..#..........
.'......#...#..#.#.#.#.##.
##....#.#.#.#..#@#.#.#.#
.#....#........#5#.....# #
.####.###.##..##.....#.#
.# .# #.#
#............#.##..# .#
#.# #.##.........#.....#
.# #.# #.##.........#รท#
.# #.# #)##.........#.# #
## #.#
#.###........#.##..#
#####.# #.#
#..##.....<....#


You could see Grinder.

Vanquished Creatures
  An iguana (D:3)
  6 adders
  A worm (D:2)
  A dart slug (D:3)
  8 leopard geckos
  An orc (D:3)
  3 giant cockroaches
  3 goblins
  8 hobgoblins
  3 jackals (D:2)
  6 bats
  4 frilled lizards
  13 kobolds
  10 rats
  2 bushes (D:3)
  16 fungi (D:1)
  3 plants (D:3)
89 creatures vanquished.

Vanquished Creatures (others)
  2 plants (D:3)
2 creatures vanquished.

Grand Total: 91 creatures vanquished

Notes
Turn   | Place    | Note
-------+----------+-------------------------------------------
     0 | D:1      | chorionicmirror the Demonspawn Gladiator began the quest for the Orb.
     0 | D:1      | Reached XP level 1. HP: 16/16 MP: 1/1
  1014 | D:1      | Gained mutation: When hurt, damage is shared between your health and your magic reserves. [demonic ancestry]
  1014 | D:1      | Reached XP level 2. HP: 22/22 MP: 2/2
  1018 | D:1      | Reached skill level 3 in Axes
  1427 | D:2      | Found an ornate altar of the Wu Jian Council.
  1427 | D:2      | Found a sparkling altar of Nemelex Xobeh.
  1436 | D:2      | Reached XP level 3. HP: 28/28 MP: 3/3
  1444 | D:2      | Became a worshipper of the Wu Jian Council
  1872 | D:2      | Found an opulent altar of Gozag.
  2040 | D:3      | Reached XP level 4. HP: 34/34 MP: 4/4
  2077 | D:3      | Reached * piety under Wu Jian
  2149 | D:3      | Reached skill level 4 in Axes
  2341 | D:3      | Reached skill level 1 in Armour
  2471 | D:3      | Reached XP level 5. HP: 32/39 MP: 5/5
  2742 | D:3      | Learned a level 2 spell: Blink
  3095 | D:3      | Noticed Grinder
  3097 | D:3      | Paralysed by Grinder for 4 turns
  3122 | D:3      | HP: 1/39 [Grinder (4)]
  3123 | D:3      | Slain by Grinder

Skill      XL: |  1  2  3  4 |
---------------+-------------+-----
Axes           | 3 4 |  4.2
Dodging        | 3 |  3.3
Armour         | 1 |  1.1
Fighting       | |  2.6
Throwing       | |  1.8
Stealth        | |  0.4

Action                   |  1- 3 |  4- 6 || total
-------------------------+-------+-------++-------
Melee: War axe           |   175 |   239 ||   414
Throw: Tomahawk          |       |     5 ||     5
Invok: Lunge             |     4 |     2 ||     6
       Whirlwind         |       |     1 ||     1
  Use: Scroll            |     4 |     3 ||     7
       Potion            |     3 |     6 ||     9
 Stab: Sleeping          |     2 |       ||     2
  Eat: Chunk             |     4 |     3 ||     7
       Ration            |       |     1 ||     1
Armor: Leather armour    |    41 |    33 ||    74
       Skin              |       |    22 ||    22
Dodge: Dodged            |    95 |    81 ||   176
